 Dungeon Crawl Stone Soup version 0.14.1-26-g5a19342 (webtiles) character file.

175 Kae the Firebug (level 4, -5/24 HPs)
             Began as a Tengu Fire Elementalist on July 31, 2014.
             Killed from afar by a kobold (6 damage)
             ... with a wand of magic darts
             ... on Level 2 of the Dungeon.
             The game lasted 00:01:45 (1805 turns).

Kae the Firebug (Tengu Fire Elementalist)           Turns: 1805, Time: 00:01:45

HP  -5/24        AC  2     Str 13      XL: 4   Next:  2%
MP   0/9         EV 13     Int 15      God:
Gold 117         SH  0     Dex 16      Spells:  1 memorised,  7 levels left

rFire  . . .     SeeInvis .     (no weapon)
rCold  . . .     Clarity  .     a - +0 robe
rNeg   . . .     Conserve .     (no shield)
rPois  .         rCorr    .     (helmet restricted)
rElec  .         rRot     .     (no cloak)
SustAb . .       Spirit   .     (no gloves)
rMut   .         Warding  .     (boots unavailable)
Saprov . . .     Stasis   .     (no amulet)
MR     .....                    (no ring)
                                (no ring)

@: mighty, very slightly contaminated, not resistant to hostile enchantments,
fairly stealthy
A: beak, talons 3
a: no special abilities


You were on level 2 of the Dungeon.
You were hungry.

You visited 1 branch of the dungeon, and saw 2 of its levels.

You collected 117 gold pieces.

Inventory:

Armour
 a - a +0 robe (worn)
Comestibles
 c - 3 bread rations
 f - a cheese
 g - a meat ration
 l - a pear
Scrolls
 d - 2 scrolls of remove curse {unknown}
 e - a scroll of random uselessness {unknown}
 i - a scroll of amnesia {unknown}
 j - a scroll of identify {unknown}
Potions
 h - a potion of might
 k - a potion of degeneration {unknown}
 m - a potion of brilliance {unknown}
Books
 b - a book of Flames

   Spells                             Type                      Level
   *Flame Tongue                      Conjuration/Fire             1
   Throw Flame                        Conjuration/Fire             2
   Conjure Flame                      Conjuration/Fire             3
   Inner Flame                        Hexes/Fire                   3
   Sticky Flame                       Conjuration/Fire             4
   Fireball                           Conjuration/Fire             5


   Skills:
 - Level 2.1 Dodging
 - Level 2.0 Stealth
 + Level 2.5 Spellcasting
 * Level 3.1 Conjurations
 * Level 4.1 Fire Magic


You had 7 spell levels left.
You knew the following spells:

 Your Spells              Type           Power        Failure   Level  Hunger
a - Flame Tongue          Conj/Fire      ##...        6%          1    #......


Dungeon Overview and Level Annotations

Branches:
Dungeon (2/15)

Altars:
Okawaru
Vehumet


Innate Abilities, Weirdness & Mutations

You have a beak for a mouth.
You have claws for feet.


Message History

Press: ? - help, Shift-Dir - straight line, f - kobold
Aim: a kobold carrying a wand of magic darts {zapped: 2} The flame tongue misses the kobold.
The kobold closely misses you.
Casting: Flame Tongue
Confirm with . or Enter, or press ? or * to list all spells.
You don't have enough magic to cast that spell.
Casting: Flame Tongue
Confirm with . or Enter, or press ? or * to list all spells.
You don't have enough magic to cast that spell.
Casting: Flame Tongue
Confirm with . or Enter, or press ? or * to list all spells.
You don't have enough magic to cast that spell.
You barely miss the kobold. The kobold hits you but does no damage.
You hit the kobold but do no damage.
The kobold zaps a wand.
The magic dart hits you!
* * * LOW HITPOINT WARNING * * *
Drink which item? (? for menu, Esc to quit)
You feel very mighty all of a sudden.
It was a potion of might.
The kobold zaps a wand.
The magic dart hits you!
You die...

.# #....# ##...# .#
#....# #...# .
####.### #.###
#...# #.# #...##
#.# ...#....####.#
..............#####
####.......#.......
#......@K........
#.#....)...%#....
#.###..%......[. ..
.......#._.#.
#######.......
...#.. ..... ####


You could see a kobold.

Vanquished Creatures
  Jessica (D:2)
  A giant mite (D:2)
  A giant gecko (D:2)
  A ball python (D:2)
  4 bats
  A giant cockroach (D:1)
  7 goblins
  3 hobgoblins
  3 jackals (D:2)
  3 kobolds
  A quokka (D:2)
  A giant newt (D:2)
  5 rats
32 creatures vanquished.

Notes
Turn   | Place    | Note
--------------------------------------------------------------
     0 | D:1      | Kae, the Tengu Fire Elementalist, began the quest for the Orb.
     0 | D:1      | Reached XP level 1. HP: 10/10 MP: 3/3
    19 | D:1      | Found an iron altar of Okawaru.
   155 | D:1      | Reached XP level 2. HP: 15/15 MP: 0/5
  1095 | D:2      | Reached XP level 3. HP: 12/19 MP: 0/7
  1468 | D:2      | Reached skill level 4 in Fire Magic
  1595 | D:2      | Noticed Jessica
  1600 | D:2      | Killed Jessica
  1794 | D:2      | Found a radiant altar of Vehumet.
  1800 | D:2      | Reached XP level 4. HP: 8/24 MP: 2/9
  1804 | D:2      | HP: 1/24 [kobold/wand of magic darts (7)]
  1805 | D:2      | Killed from afar by a kobold

Action                   |  1- 3 |  4- 6 || total
-------------------------+-------+-------++-------
Melee: Unarmed           |    19 |     2 ||    21
 Cast: Flame Tongue      |    55 |     3 ||    58
  Use: Potion            |       |     1 ||     1
